 Dungeon Crawl Stone Soup version 0.22.1-5-g62c59d919a (webtiles) character file.

3936 Adamkad1 the Changer (level 10, -1/72 HPs)
             Began as a Yellow Draconian Transmuter on Jan 10, 2019.
             Was a Priest of Sif Muna.
             Slain by an orc warrior
             ... wielding a +2 trident of piercing
              (6 damage)
             ... on level 7 of the Dungeon.
             The game lasted 00:19:04 (11640 turns).

Adamkad1 the Changer (Yellow Draconian Transmuter) Turns: 11640, Time: 00:19:05

Health: -1/72      AC:  2    Str: 13    XL:     10   Next: 1%
Magic:  17/20      EV: 24    Int: 13    God:    Sif Muna [***...]
Gold:   475        SH:  0    Dex: 20    Spells: 8/23 levels left

rFire    . . .     SeeInvis .     - Unarmed
rCold    . . .     Gourm    .   (shield currently unavailable)
rNeg     . . .     Faith    .   (armour unavailable)
rPois    x         Spirit   .   (helmet currently unavailable)
rElec    .         Reflect  .   (cloak currently unavailable)
rCorr    .         Harm     .   (gloves currently unavailable)
MR       .....                  (boots currently unavailable)
Stlth    ++........             (no amulet)
HPRegen  0.22/turn              (no ring)
MPRegen  0.17/turn              (no ring)

@: spider-form, slowed, very slow
A: tiny, (spit acid), (acid resistance), unfitting armour, frail 1, MP-powered
wands, AC +7
a: End Transformation, Divine Energy, Channel Magic, Renounce Religion


You were on level 7 of the Dungeon.
You worshipped Sif Muna.
Sif Muna was most pleased with you.
You were not hungry.
You were a venomous arachnid creature.
You visited 2 branches of the dungeon, and saw 9 of its levels.
You also visited: Sewer.

You collected 475 gold pieces.

Inventory:

Missiles
 a - 127 arrows
Armour
 p - a +0 pair of boots (melded)
Jewellery
 c - an uncursed ring of protection from cold {unknown}
 d - an uncursed amulet of rage {unknown}
 f - a +2 amulet of reflection {unknown}
Wands
 m - a wand of iceblast (19)
 o - a wand of flame (18)
 q - a wand of acid (6)
Scrolls
 b - 8 scrolls of identify {unknown}
 e - a scroll of magic mapping {unknown}
 g - 4 scrolls of remove curse {unknown}
 h - 2 scrolls of blinking {unknown}
 j - 3 scrolls of enchant armour {unknown}
 k - a scroll of vulnerability {unknown}
 r - 2 scrolls of fog {unknown}
 s - 2 scrolls of amnesia {unknown}
 t - a scroll of immolation {unknown}
Potions
 i - a potion of heal wounds
 l - 2 potions of invisibility
 u - 2 potions of flight
 v - a potion of curing
Comestibles
 n - 5 rations
 w - 9 chunks of flesh


   Skills:
 + Level 5.5 Fighting
 + Level 5.1 Dodging
 + Level 6.1 Unarmed Combat
 * Level 7.1 Spellcasting
 * Level 7.8 Transmutations
 + Level 3.5 Ice Magic


You had 8 spell levels left.
You knew the following spells:

 Your Spells              Type           Power        Failure   Level  Hunger
a - Beastly Appendage     Tmut           ###...       4%          1    None
b - Sticks to Snakes      Tmut           ###.....     4%          2    #......
c - Spider Form           Tmut/Pois      ##........   22%         3    ##.....
d - Ice Form              Ice/Tmut       ###.....     32%         4    ####...
e - Blade Hands           Tmut           ###.......   36%         5    ######.

Your spell library contained the following spells:

 Spells                   Type           Power        Failure   Level  Hunger


Dungeon Overview and Level Annotations

Branches:
Dungeon (8/15)             Temple (1/1) D:4
   Lair: D:8-11

Altars:
Ashenzari
Cheibriados
Dithmenos
Fedhas
Gozag
Hepliaklqana
Kikubaaqudgha
Makhleb
Nemelex Xobeh
Okawaru
Qazlal
Ru
Sif Muna
Trog
Uskayaw
Vehumet
Wu Jian
Xom
Yredelemnul
Zin
The Shining One

Shops:
D:8 *

Annotations:
D:6 1 exclusion
D:7 1 runed door, Fascinator's ghost, novice NaFi


Innate Abilities, Weirdness & Mutations

((You can spit globs of acid.))
((You are resistant to acid.))
((Your golden yellow scales are hard. (AC +7)))
You cannot fit into any form of body armour.
((You are cold-blooded and may be slowed by cold attacks.))
You are frail. (-10% HP)
You expend magic power (3 MP) to strengthen your wands.


Message History

The orc wizard gestures at you while chanting.
You feel yourself slow down. The orc warrior barely misses you.
You climb upwards.
Level annotation: 1 runed door, Fascinator's ghost, novice NaFi
There is a stone staircase leading down here.
You see here an uncursed shortbow.
Casting: Spider Form (safe; 9% risk of failure)
Confirm with . or Enter, or press ? or * to list all spells.
You turn into a venomous arachnid creature.
Your +0 pair of boots melds into your body.
The orc misses you.
The orc warrior hits you with a trident of piercing!!
The orc barely misses you.
You hit the orc warrior.
The orc warrior is poisoned.
The orc warrior is moderately wounded.
The orc warrior hits you with a trident of piercing!
The orc completely misses you.
The orc warrior hits you from afar with a trident of piercing!
* * * LOW HITPOINT WARNING * * *
You die...

..# #.....# #############.# ..#
#.....## #....[)..(# ..#
#......###### #)######### ..#
#......')...### #.## ..#
#......####.#.# #..## ..#
#......####.#.###...###### ..#
#......'......((.........##
######.....##.#(..o..#.#.#.#..#
................s>#...........#
#.#.........[.....o..#.#.#.#..#
#.#.........#'#####...........###
#.#............# #..#.#.#.#....#
#.#............####......)....###
...##'#####....'.....#.#.#.#..#
#..##.# #....####...........#
#.....# #....#.......##.###.#
#..########...######.####.# #.#


You could see an orc warrior and an orc.

Vanquished Creatures
  Prince Ribbit (D:6)
  A hungry ghost (D:8)
  Edmund (D:5)
  2 ice beasts
  A sky beast (D:7)
  5 orc warriors
  4 ogres
  A phantom (D:5)
  2 centaurs (D:7)
  A big kobold (Sewer)
  3 bullfrogs (D:7)
  5 scorpions
  A jelly (D:7)
  5 howler monkeys
  5 wights (D:7)
  6 hounds
  A centaur skeleton (D:4)
  6 orc wizards
  5 orc priests
  2 gnoll shamans
  An iguana (D:7)
  4 worker ants
  2 hound skeletons
  10 adders
  16 gnolls
  3 river rats
  3 shadow imps
  3 oozes
  An adder skeleton (D:8)
  4 worms
  3 leopard geckos
  45 orcs
  9 bats
  4 giant cockroaches
  8 goblins
  7 hobgoblins
  17 jackals
  11 kobolds
  7 quokkas
  2 ball pythons
  6 frilled lizards
  A jackal zombie (D:7)
  2 quokka skeletons (D:4)
  A quokka zombie (D:6)
  13 rats
241 creatures vanquished.

Vanquished Creatures (others)
  An orc (D:8)
1 creature vanquished.

Grand Total: 242 creatures vanquished

Notes
Turn   | Place    | Note
-------+----------+-------------------------------------------
     0 | D:1      | Adamkad1 the Draconian Transmuter began the quest for the
                  | Orb.
     0 | D:1      | Reached XP level 1. HP: 16/16 MP: 3/3
   277 | D:1      | Reached XP level 2. HP: 12/23 MP: 3/5
   900 | D:1      | Reached XP level 3. HP: 9/28 MP: 4/6
  1846 | D:2      | Reached XP level 4. HP: 35/36 MP: 5/8
  1913 | D:2      | Found a sparkling altar of Nemelex Xobeh.
  2042 | D:3      | Found a radiant altar of Vehumet.
  2250 | D:2      | Learned a level 2 spell: Sticks to Snakes
  2254 | D:2      | Learned a level 3 spell: Spider Form
  3051 | D:3      | Reached XP level 5. HP: 20/41 MP: 7/9
  4159 | D:4      | Reached XP level 6. HP: 29/50 MP: 8/11
  4357 | D:4      | Found a staircase to the Ecumenical Temple.
  4386 | Temple   | Entered the Ecumenical Temple
  4461 | Temple   | Became a worshipper of Sif Muna the Loreminder
  5238 | D:5      | Entered Level 5 of the Dungeon
  5312 | D:5      | Noticed Edmund
  5348 | D:5      | Killed Edmund
  5348 | D:5      | Your scales start taking on a golden yellow colour.
  5348 | D:5      | Reached XP level 7. HP: 46/57 MP: 8/13
  5609 | D:5      | HP: 1/57 [something/puff of flame (12)]
  5938 | D:5      | Reached skill level 5 in Transmutations
  6221 | D:5      | Reached * piety under Sif Muna
  6430 | D:5      | Found an ancient bone altar of Kikubaaqudgha.
  6578 | D:6      | Reached XP level 8. HP: 66/66 MP: 11/15
  6588 | D:6      | Reached skill level 5 in Spellcasting
  6651 | D:6      | Found a glowing drain.
  6692 | Sewer    | Entered a sewer
  6723 | Sewer    | Learned a level 4 spell: Ice Form
  6729 | Sewer    | Learned a level 5 spell: Blade Hands
  6925 | Sewer    | Found a white marble altar of Elyvilon.
  6974 | Sewer    | Gained mutation: You are frail. (-10% HP) [potion of
                  | mutation]
  6974 | Sewer    | Gained mutation: You expend magic power (3 MP) to
                  | strengthen your wands. [potion of mutation]
  7197 | D:5      | Reached skill level 5 in Unarmed Combat
  7652 | D:6      | Reached skill level 1 in Ice Magic
  8410 | D:6      | Found a hazy altar of Hepliaklqana.
  8606 | D:6      | Reached ** piety under Sif Muna
  8668 | D:6      | Noticed a cyclops
  8834 | D:6      | Noticed Prince Ribbit
  8856 | D:6      | Reached XP level 9. HP: 37/64 MP: 15/17
  8861 | D:6      | Killed Prince Ribbit
  9316 | D:6      | Found a sparkling altar of Nemelex Xobeh.
  9323 | D:6      | Found a snail-covered altar of Cheibriados.
  9730 | D:7      | Reached skill level 5 in Fighting
 10486 | D:7      | Reached *** piety under Sif Muna
 10959 | D:7      | Found a runed door.
 10961 | D:7      | Noticed Fascinator's ghost (novice NaFi)
 11045 | D:7      | Reached skill level 5 in Dodging
 11344 | D:8      | Found Askoydgh's General Store.
 11463 | D:8      | Reached XP level 10. HP: 37/72 MP: 16/20
 11640 | D:7      | Slain by an orc warrior

Skill      XL: |  1  2  3  4  5  6  7  8  9 |
---------------+----------------------------+-----
Dodging        | 2 3 4 5 |  5.1
Spellcasting   | 3 4 5 7 |  7.1
Transmutations | 3 4 5 6 7 |  7.8
Fighting       | 2 3 4 5 |  5.5
Unarmed Combat | 4 5 6 |  6.1
Ice Magic      | 1 3 |  3.5

Action                   |  1- 3 |  4- 6 |  7- 9 | 10-12 || total
-------------------------+-------+-------+-------+-------++-------
Melee: Unarmed           |   163 |   223 |   479 |    10 ||   875
       Tailslap          |    17 |    11 |    10 |       ||    38
       Headbutt          |     9 |    11 |       |       ||    20
       Punch             |     1 |     2 |     3 |       ||     6
       Kick              |     9 |    14 |       |       ||    23
 Cast: Beastly Appendage |    24 |    18 |       |       ||    42
       Spider Form       |       |    19 |    56 |     2 ||    77
       Ice Form          |       |       |     1 |       ||     1
 Abil: Breathe Acid      |       |       |    12 |       ||    12
  Use: Potion            |     1 |     2 |    13 |       ||    16
 Stab: Sleeping          |       |       |     2 |       ||     2
  Eat: Chunk             |     4 |    10 |    20 |     1 ||    35
       Ration            |       |     1 |     3 |       ||     4
Armor: Skin              |    69 |    41 |    59 |     2 ||   171
Dodge: Dodged            |   130 |   145 |   499 |    17 ||   791
